Map: Ulzaan

Players

Coelho - Winner!

  • Race: Terran Terran
  • League: Platinum
  • Spawn Location: 3:00

Freeblade - Winner!

  • Race: Protoss Protoss
  • League: Gold
  • Spawn Location: 1:00

OpuS

  • Race: Protoss Protoss
  • League: Platinum
  • Spawn Location: 11:00

Sketchaphone

  • Race: Zerg Zerg
  • League: Platinum
  • Spawn Location: 9:00

VOD

Have the link to the VOD?

Description

Time

  • Played on: Feb. 12, 2019, 5:44 p.m.
  • Length: 14:38
Show
View Real Time Build Order
Export as new Build Order

Coelho Terran - Winner!

Build Orders:  

Get SALT Encoding   

  12  0:01  SCV  
  13  0:14  Supply Depot  
  13  0:18  SCV  
  14  0:30  SCV  
  15  0:42  SCV  
  16  0:50  Barracks  
  16  1:07  Barracks  
  16  1:09  SCV  
  17  1:13  Refinery  
  17  1:21  SCV  
  18  1:33  SCV  
  18  1:37  Marine  
  20  1:44  Supply Depot  
  20  1:45  SCV  
  21  1:55  Marine  
  21  1:58  SCV  
  23  2:05  Marine  
  24  2:15  Marine  
  25  2:25  Marine, Command Center  
  26  2:31  SCV  
  26  2:34  Supply Depot  
  27  2:43  Marine x2  
  29  3:07  Marine x2  
  31  3:16  Refinery, Orbital Command  
  31  3:34  Factory  
  31  3:38  Barracks Tech Lab  
  31  3:39  Engineering Bay, Barracks Tech Lab  
  31  3:44  SCV  
  32  3:54  SCV  
  33  4:06  SCV  
  33  4:08  SCV  
  35  4:16  Marauder x2  
  35  4:17  Concussive Shells  
  39  4:20  SCV  
  40  4:26  Terran Infantry Weapons Level 1  
  40  4:32  SCV  
  41  4:44  SCV  
  41  4:45  Marine x2  
  43  4:47  Starport  
  44  4:56  SCV  
  45  5:03  Refinery  
  45  5:08  SCV  
  45  5:10  Marauder  
  45  5:11  Marauder  
  50  5:17  Factory Tech Lab  
  50  5:19  Supply Depot  
  50  5:20  SCV  
  47  5:30  Medivac  
  48  6:48  SCV  
  48  6:52  Command Center  
  49  7:00  Starport Reactor, SCV  
  49  7:04  Refinery  
  49  7:07  Orbital Command  
  49  7:08  Refinery  
  49  7:12  SCV  
  49  7:13  Barracks, Siege Tank  
  49  7:15  Infernal Pre-Igniter  
  53  7:17  Terran Infantry Armor Level 1  
  53  7:22  Armory  
  53  7:44  SCV  
  50  7:55  Orbital Command  
  46  7:58  Barracks Tech Lab  
  46  8:10  Medivac x2  
  49  8:13  Marine  
  49  8:16  Orbital Command  
  51  8:38  Marauder  
  53  8:44  Barracks Reactor  
  53  8:45  Hellion  
  53  8:46  Terran Vehicle Weapons Level 1  
  54  8:57  Medivac x2  
  54  8:58  SCV  
  59  9:04  Marauder  
  59  9:05  Stimpack  
  61  9:10  SCV  
  61  9:15  Liberator  
  61  9:16  Liberator  
  62  9:21  Orbital Command  
  67  9:58  Barracks  
  63  10:03  Barracks  
  63  10:04  Supply Depot  
  63  10:07  Supply Depot x2  
  63  10:10  Marine  
  63  10:13  Hellion, Marine x2  
  66  10:28  Marine, Supply Depot  
  67  10:31  Marine x2  
  67  10:34  Hellion, SCV  
  72  10:37  SCV  
  73  10:46  SCV  
  73  10:49  Barracks Reactor, Marine x2, SCV  
  77  10:54  Barracks Reactor  
  77  11:00  Supply Depot  
  77  11:03  Bunker  
  77  11:06  Terran Infantry Weapons Level 2, Marine x2  
  77  11:09  Hellion  
  77  11:10  Terran Vehicle Weapons Level 2  
  81  11:12  SCV  
  82  11:19  Marauder  
  82  11:24  SCV  
  85  11:26  Supply Depot  
  85  11:30  Hellion, Marine x4  
  91  11:34  Supply Depot  
  91  11:37  SCV  
  92  11:48  Marine x4  
  94  11:58  Hellion  
  95  12:05  Marine x3  
  95  12:06  Marine x2  
  100  12:15  Bunker  
  100  12:31  Hellion  
  100  12:32  Drilling Claws  
  100  12:33  Marine x4  
  100  12:34  Marine x2  
  96  12:52  Hellion  
  51  13:56  Marine x5  
  51  13:57  Marine  
  57  14:14  Marine x6  
Show
View Real Time Build Order
Export as new Build Order

Freeblade Protoss - Winner!

Build Orders:  

Get SALT Encoding   

  1  0:00  Probe  
  13  0:10  Probe  
  14  0:27  Probe  
  15  0:37  Pylon  
  15  0:55  Probe  
  16  1:03  Probe  
  16  1:05  Pylon  
  16  1:07  Forge  
  17  1:11  Probe  
  18  1:21  Probe  
  19  1:47  Photon Cannon  
  19  1:52  Pylon  
  19  2:07  Pylon  
  19  2:22  Nexus  
  19  2:25  Assimilator  
  19  2:26  Probe  
  20  2:30  Assimilator  
  20  2:33  Photon Cannon  
  20  2:38  Probe  
  20  2:39  Photon Cannon  
  21  2:50  Pylon  
  21  3:02  Probe  
  21  3:04  Gateway  
  22  3:14  Probe  
  22  3:15  Pylon  
  23  3:26  Probe  
  23  3:57  Cybernetics Core  
  23  4:02  Assimilator  
  23  4:05  Assimilator  
  23  4:06  Probe  
  24  4:16  Probe  
  25  4:18  Probe  
  26  4:30  Probe  
  27  4:37  Warp Gate  
  27  4:42  Probe  
  28  4:45  Stargate  
  28  4:52  Stargate  
  28  4:54  Probe x2  
  28  4:58  Stalker  
  30  5:06  Probe x2  
  34  5:18  Probe  
  34  5:19  Probe  
  36  5:25  Pylon  
  36  5:27  Pylon  
  36  5:31  Phoenix  
  38  5:40  Phoenix  
  40  5:46  Probe  
  40  5:47  Probe  
  40  5:48  Twilight Council  
  41  5:54  Probe  
  42  5:57  Probe  
  42  6:04  Probe  
  44  6:07  Probe  
  46  6:20  Pylon  
  46  6:30  Dark Shrine  
  46  6:33  Gateway x2  
  46  6:35  Gateway  
  46  6:37  Gateway  
  46  6:40  Gateway  
  46  6:48  Photon Cannon  
  46  6:53  Photon Cannon  
  46  7:12  Protoss Ground Weapons Level 1  
  46  7:15  Protoss Air Weapons Level 1  
  46  7:19  Fleet Beacon  
  46  7:25  Charge  
  46  7:32  Stalker  
  46  7:33  Stalker x3  
  50  7:47  Dark Templar  
  50  7:48  Dark Templar  
  48  8:06  Dark Templar x3  
  48  8:07  Dark Templar  
  49  8:40  Dark Templar  
  49  8:41  Dark Templar x3  
  53  8:42  Dark Templar x2  
  53  8:48  Shadow Stride  
  61  8:53  Probe  
  58  9:01  Probe  
  49  9:05  Blink  
  50  9:10  Probe  
  50  9:12  Probe  
  52  9:20  Probe  
  52  9:22  Probe  
  54  9:30  Probe  
  54  9:35  Probe  
  56  9:42  Probe  
  57  9:49  Dark Templar  
  58  9:54  Probe  
  48  10:01  Pylon  
  48  10:02  Pylon  
  48  10:04  Pylon  
  42  11:12  Dark Templar x4  
  42  11:13  Dark Templar x2  
  34  12:55  Nexus  
  34  13:07  Probe  
  34  13:09  Pylon  
  35  13:13  Pylon  
  35  13:15  Probe  
  36  13:25  Probe  
  37  13:37  Probe  
  38  13:49  Probe  
  45  14:11  Probe  
  46  14:19  Probe  
Show
View Real Time Build Order
Export as new Build Order

OpuS Protoss 

Build Orders:  

Get SALT Encoding   

  12  0:01  Probe  
  13  0:13  Probe  
  14  0:18  Pylon  
  14  0:26  Probe  
  15  0:34  Probe  
  15  0:40  Assimilator  
  15  0:42  Probe  
  17  0:58  Probe  
  18  1:05  Gateway  
  18  1:06  Gateway  
  18  1:15  Forge  
  18  1:23  Pylon, Probe  
  19  1:35  Pylon  
  19  1:49  Photon Cannon  
  19  2:02  Probe  
  20  2:08  Photon Cannon  
  20  2:10  Cybernetics Core  
  20  2:14  Probe  
  21  2:22  Photon Cannon  
  21  2:26  Probe  
  20  2:33  Assimilator  
  20  2:34  Probe  
  22  2:44  Warp Gate  
  22  2:56  Zealot  
  22  2:58  Zealot  
  26  3:02  Gateway  
  26  3:04  Pylon  
  26  3:11  Gateway  
  26  3:28  Probe  
  26  3:29  Zealot x2  
  31  3:47  Robotics Facility  
  31  4:05  Nexus  
  31  4:10  Stalker  
  33  4:24  Immortal  
  37  4:40  Stalker  
  39  4:46  Stalker  
  41  4:57  Pylon  
  41  5:01  Stalker  
  43  5:10  Probe  
  44  5:22  Probe  
  44  5:28  Immortal  
  47  5:45  Stalker x2  
  51  6:11  Probe x2  
  49  6:17  Zealot  
  49  6:18  Zealot x3  
  57  6:23  Probe x2  
  59  6:35  Probe  
  60  6:50  Probe x2  
  61  7:02  Probe x2  
  63  7:09  Twilight Council  
  63  7:12  Stalker x3  
  63  7:14  Probe  
  70  7:23  Pylon  
  70  7:26  Pylon  
  70  7:41  Probe x2  
  70  7:42  Observer  
  73  7:52  Gateway, Charge  
  73  7:53  Probe x2, Gateway  
  73  8:05  Probe x2  
  73  8:13  Observer  
  73  8:18  Probe  
  69  8:23  Stalker x4  
  69  8:25  Probe  
  66  8:30  Probe  
  66  8:32  Assimilator  
  59  8:35  Protoss Ground Weapons Level 1, Observer  
  59  8:37  Assimilator  
  59  8:38  Probe  
  61  8:42  Pylon, Probe  
  62  8:49  Gateway  
  62  8:50  Gateway  
  62  9:07  Photon Cannon  
  62  9:10  Zealot x3  
  62  9:11  Zealot  
  70  9:20  Immortal  
  70  9:24  Blink  
  74  9:57  Nexus  
  78  10:10  Pylon  
  78  10:14  Assimilator x2  
  76  10:31  Observer  
  76  10:35  Photon Cannon  
  61  10:37  Photon Cannon  
  61  10:39  Photon Cannon  
  61  10:40  Pylon  
  57  10:45  Stalker x5  
  57  10:46  Stalker  
  67  10:53  Observer  
  62  11:04  Zealot x2  
  54  11:11  Zealot  
  54  11:12  Zealot x5  
  65  11:20  Templar Archives  
  65  11:23  Observer  
  55  11:41  Zealot x2  
  55  11:42  Zealot x3  
  55  11:43  Zealot  
  55  11:44  Observer  
  62  12:03  Zealot x2  
  62  12:04  Zealot x2  
  62  12:05  Observer  
  36  12:19  High Templar x2  
  36  12:20  High Templar x2  
  44  12:23  Archon  
  44  12:24  Archon  
  44  12:25  High Templar x2  
  44  12:29  Archon  
  46  12:59  Pylon  
  46  13:06  Cybernetics Core  
  37  13:23  High Templar x2  
  37  13:24  Zealot x2  
  41  13:28  Archon  
Show
View Real Time Build Order
Export as new Build Order

Sketchaphone Zerg 

Build Orders: Pool First 

Get SALT Encoding   

  12  0:01  Drone  
  13  0:13  Overlord  
  13  0:18  Drone  
  14  0:24  Extractor  
  14  0:25  Drone  
  15  0:31  Drone  
  15  0:34  Drone  
  17  0:57  Spawning Pool  
  16  1:08  Drone  
  16  1:09  Extractor  
  16  1:25  Hatchery  
  15  1:37  Drone  
  15  1:38  Drone x2  
  18  1:58  Drone  
  18  1:59  Overlord  
  19  2:11  Queen  
  19  2:13  Zergling x2  
  20  2:23  Drone  
  20  2:27  Roach Warren  
  20  2:37  Zergling x2  
  21  2:46  Zergling x2  
  21  2:47  Drone  
  22  2:58  Overlord  
  22  3:05  Drone  
  22  3:19  Hatchery  
  21  3:21  Drone  
  21  3:26  Drone  
  21  3:27  Drone x2  
  25  3:37  Drone x2  
  27  3:48  Spine Crawler  
  24  3:55  Drone  
  25  3:56  Overlord  
  25  3:58  Drone x2  
  25  4:02  Lair  
  27  4:06  Drone  
  28  4:17  Evolution Chamber, Drone  
  28  4:18  Extractor  
  28  4:23  Metabolic Boost  
  27  4:27  Drone x2  
  29  4:34  Drone  
  30  4:38  Queen  
  32  4:50  Zerg Melee Weapons Level 1  
  32  4:52  Drone x2  
  34  4:59  Drone  
  35  5:06  Zergling x2  
  36  5:08  Overlord  
  36  5:09  Zergling x4  
  38  5:21  Spire  
  38  5:26  Zergling x4  
  39  5:37  Pneumatized Carapace  
  39  5:39  Drone x3  
  42  5:51  Overlord  
  42  5:56  Drone x2  
  44  6:04  Extractor  
  44  6:06  Extractor  
  42  6:21  Drone x8  
  42  6:23  Nydus Network  
  47  6:37  Zergling x2  
  47  6:39  Zergling x2  
  44  6:42  Overlord  
  41  6:48  Zergling x6  
  44  6:55  Spine Crawler  
  44  6:57  Zergling x2  
  44  7:14  Zergling x10  
  49  7:18  Queen, Drone  
  52  7:29  Nydus Canal  
  50  7:45  Zergling x6  
  49  7:52  Zergling x6  
  49  7:56  Zergling x4  
  45  8:13  Nydus Canal  
  45  8:20  Mutalisk x2  
  45  8:21  Mutalisk  
  45  8:22  Overlord  
  49  8:58  Zergling x10  
  49  8:59  Zergling x6  
  51  9:05  Zergling x6  
  55  9:10  Drone  
  55  9:14  Mutalisk  
  55  9:16  Zerg Flyer Weapons Level 1  
  57  9:18  Mutalisk  
  59  9:24  Nydus Canal  
  59  9:26  Zergling x2  
  50  10:00  Overlord x3  
  50  10:01  Overlord  
  50  10:13  Mutalisk  
  51  10:17  Drone  
  51  10:19  Hatchery  
  51  10:25  Nydus Canal  
  51  10:29  Zergling x10  
  56  10:36  Drone  
  56  10:37  Drone, Mutalisk x4  
  66  10:45  Zergling x2  
  66  10:52  Overseer  
  66  10:57  Overseer  
  66  11:02  Mutalisk x2  
  70  11:12  Zergling x2  
  70  11:13  Zergling x8  
  75  11:18  Nydus Canal  
  75  11:22  Zergling x6  
  78  11:31  Zergling x4  
  80  11:39  Zergling x4  
  82  11:46  Overlord x2  
  80  11:56  Overseer  
  71  12:10  Hatchery  
  68  12:17  Zergling x6  
  71  12:28  Zergling x2  
  67  12:38  Mutalisk  
  69  12:51  Mutalisk x3  
  72  13:03  Hatchery  
  71  13:05  Mutalisk  
  71  13:12  Mutalisk  
  34  14:31  Spawning Pool  
Tags
 
Add a new tag
Caveats
  • Supply blocks, unpowered buildings, or Contaminate may cause inaccurate times.
  • Supply counts are checked every 10 seconds.